 Dungeon Crawl Stone Soup version 0.30.0-19-g36f170ea60 (webtiles) character file.

Game seed: 15616236820520596964

95 wingedge the Vexing (level 4, -2/32 HPs)
             Began as a Human Wanderer on May 30, 2023.
             Shot with an arrow by a centaur (14 damage)
             ... on level 3 of the Dungeon.
             The game lasted 00:09:23 (3121 turns).

wingedge the Vexing (Human Wanderer)                Turns: 3121, Time: 00:09:24

Health: -2/32      AC:  2    Str: 12    XL:     4   Next: 95%
Magic:  1/7        EV: 11    Int: 17    God:
Gold:   99         SH:  0    Dex: 10    Spells: 6/8 levels left

rFire   . . .        i - +0 dagger
rCold   . . .        (no shield)
rNeg    . . .        c - +0 robe
rPois   .            (no helmet)
rElec   .            (no cloak)
rCorr   .            (no gloves)
SInv    .            (no boots)
Will    .....        (no amulet)
Stlth   +            (no ring)
HPRegen 0.25/turn    (no ring)
MPRegen 0.10/turn

%: no passive effects
@: no status effects
A: no striking features
a: no special abilities


You were on level 3 of the Dungeon.
You visited 1 branch of the dungeon, and saw 3 of its levels.

You collected 99 gold pieces.

Inventory:

Hand Weapons
 f - a +0 whip
 i - a +0 dagger (weapon)
Armour
 c - a +0 robe (worn)
Wands
 d - a wand of flame (4) (quivered)
Scrolls
 a - 3 scrolls of teleportation
 g - a scroll of blinking {unknown}
 h - a scroll of amnesia {unknown}
 l - a scroll of fog {unknown}
 m - a scroll of identify {unknown}
Potions
 e - a potion of attraction {unknown}
 j - 2 potions of curing {unknown}
 k - 2 potions of might {unknown}


   Skills:
 + Level 1.5 Fighting
 + Level 2.5 Spellcasting
 - Level 3.0 Conjurations
 - Level 4.0 Hexes
 - Level 3.0 Fire Magic
 + Level 0.5 Ice Magic
 - Level 1.0 Evocations


You had 6 spell levels left.
You knew the following spells:

 Your Spells              Type           Power      Damage    Failure   Level
a - Foxfire               Conj/Fire      48%        2x1d6     5%          1
b - Freeze                Ice            16%        1d4       14%         1

Your spell library contained the following spells:

 Spells                   Type           Power      Damage    Failure   Level
 Slow                     Hex            60%        N/A       3%          1
 Hailstorm                Conj/Ice       8%         3d4       26%         3
 Cause Fear               Hex            7%         N/A       34%         4
 Ignite Poison            Fire/Tmut/Pois 5%         N/A       36%         3
 Frozen Ramparts          Ice            8%         1d2       41%         3
 Ozocubu's Armour         Ice            4%         N/A       41%         3
 Fulminant Prism          Conj/Hex       7%         3d7       41%         4
 Ozocubu's Refrigeration  Ice            2%         4d7       100%        7


Dungeon Overview and Level Annotations

Branches:
Dungeon (3/15)

Altars:


Message History

You kill the orc!
You start resting.
A centaur is nearby!
Casting: Freeze (safe; 14% risk of failure)
Confirm with . or Enter, or press ? or * to list all spells.
You conjure some foxfire!
The centaur shouts!
The centaur shoots an arrow.
The arrow hits you!
Casting: Foxfire (safe; 5% risk of failure)
Confirm with . or Enter, or press ? or * to list all spells.
You conjure some foxfire!
The foxfire hits the centaur.
The centaur is moderately wounded.
The centaur shoots an arrow.
The arrow closely misses you. The arrow hits your foxfire.
Casting: Foxfire (safe; 5% risk of failure)
Confirm with . or Enter, or press ? or * to list all spells.
You conjure some foxfire!
The foxfire hits the centaur.
The centaur is moderately wounded.
The foxfire hits the centaur but does no damage.
The centaur is moderately wounded.
Casting: Foxfire (safe; 5% risk of failure)
Confirm with . or Enter, or press ? or * to list all spells.
You conjure some foxfire!
The foxfire hits the centaur.
The centaur is moderately wounded.
The foxfire hits the centaur but does no damage.
The centaur is moderately wounded.
The centaur shoots an arrow.
The arrow hits you!
The foxfire hits the centaur.
The centaur is heavily wounded.
The centaur shoots an arrow.
The arrow barely misses you.
Casting: Foxfire (safe; 5% risk of failure)
Confirm with . or Enter, or press ? or * to list all spells.
You conjure some foxfire!
The foxfire hits the centaur but does no damage.
The centaur is heavily wounded.
The foxfire hits the centaur but does no damage.
The centaur is heavily wounded.
Casting: Foxfire (safe; 5% risk of failure)
Confirm with . or Enter, or press ? or * to list all spells.
You conjure some foxfire!
The centaur shoots an arrow.
The arrow hits you!
You die...

..#.####..##.#......####.#
..#.#..#...#.#............
#.#>#..#..<#.#......##.#..
#.#.#........##...........
#.#.#..#..................
#.#....#.#######).....#.##
.###.#............[............
....)..)....#§v<)......##.##.##
.###.######.#v@.c............÷#
# #.#vv§######.....#..#
#.#.##############..#
#....................
######.################.
...........o..... #....
........####..... #####
######### ).. .


You could see a centaur (ally target).

Vanquished Creatures
  2 adders
  A worm (D:2)
  6 orcs (D:3)
  6 ball pythons
  3 endoplasms
  6 giant cockroaches
  2 goblins
  6 hobgoblins
  5 jackals (D:2)
  10 kobolds
  A quokka (D:1)
  3 bats
  7 frilled lizards
  5 rats
63 creatures vanquished.

Vanquished Creatures (others)
  215 foxfires
215 creatures vanquished.

Grand Total: 278 creatures vanquished

Notes
Turn   | Place    | Note
-------+----------+-------------------------------------------
     0 | D:1      | wingedge the Human Wanderer began the quest for the Orb.
     0 | D:1      | wingedge set off with the following items: a +0 club, a
                  | scroll of fear, a +0 robe, a wand of flame (7); and the
                  | following spells available to memorise: Slow, Foxfire,
                  | Cause Fear, Ignite Poison, Fulminant Prism.
     0 | D:1      | Reached XP level 1. HP: 13/13 MP: 3/3
     2 | D:1      | Learned a level 1 spell: Foxfire
   147 | D:1      | Reached skill level 1 in Conjurations
   315 | D:1      | Reached XP level 2. HP: 16/19 MP: 1/5
   728 | D:1      | Reached XP level 3. HP: 24/24 MP: 3/6
  1261 | D:1      | HP: 1/25 [giant cockroach (2)]
  1658 | D:2      | Reached XP level 4. HP: 27/31 MP: 2/7
  1660 | D:2      | Reached skill level 1 in Fighting
  2684 | D:3      | Noticed a centaur
  2911 | D:2      | Learned a level 1 spell: Freeze
  3121 | D:3      | Shot with an arrow by a centaur

Illustrated notes

Levels and vault maps discovered:
D:1:      dpeg_arrival_tiny_d, layout_basic
D:2:      layout_basic, nrook_campfire
D:3:      layout_basic, kennysheep_generic_room_9

Skill      XL: |  1  2  3  4 |
---------------+-------------+-----
Conjurations   | 1 2 3 |  3.0
Fighting       | 1 |  1.5
Spellcasting   | |  2.5
Hexes          | |  4.0
Fire Magic     | |  3.0
Ice Magic      | |  0.5
Evocations     | |  1.0

Action                     |  1- 3 |  4- 6 || total
---------------------------+-------+-------++-------
  Melee: Club              |     1 |       ||     1
         Whip              |     5 |       ||     5
         Dagger            |    27 |     5 ||    32
   Cast: Foxfire           |    90 |    52 ||   142
         Freeze            |       |     6 ||     6
  Evoke: Wand              |     2 |     1 ||     3
    Use: Scroll            |       |     2 ||     2
 Armour: Robe              |    13 |     3 ||    16
  Dodge: Dodged            |    35 |    16 ||    51
